 Dungeon Crawl Stone Soup version 0.27-a0-1217-g8a41f320e8 (console) character file.

Game seed: 17407121970356709683

761 jejorda2 the Slasher (level 7, 0/84 HPs)
             Began as a Merfolk Berserker on June 5, 2021.
             Was an Elder of Trog.
             Succumbed to a gnoll sergeant's poison
             ... on level 5 of the Dungeon.
             The game lasted 00:08:16 (5570 turns).

jejorda2 the Slasher (Merfolk Berserker)            Turns: 5570, Time: 00:08:17

Health: 0/84       AC: 12    Str: 19    XL:     7   Next: 80%
Magic:  7/7        EV:  8    Int:  6    God:    Trog [****..]
Gold:   210        SH:  0    Dex: 14    Spells: 6/6 levels left

rFire    . . .     SeeInvis .   a - +1 falchion
rCold    . . .     Faith    .   (no shield)
rNeg     . . .     Spirit   .   h - +0 chain mail
rPois    .         Reflect  .   r - +0 helmet
rElec    .         Harm     .   q - +0 cloak
rCorr    .         Rampage  .   (no gloves)
Will     .....                  g - +0 pair of boots
Stlth    ..........             (no amulet)
HPRegen  0.24/turn              (no ring)
MPRegen  0.10/turn              (no ring)

@: berserking, lethally poisoned (0 -> -10), very quick
A: (nimble swimmer 2), mertail
a: Renounce Religion, Berserk, Trog's Hand, Brothers in Arms


You were on level 5 of the Dungeon.
You worshipped Trog.
Trog was greatly pleased with you.
You visited 1 branch of the dungeon, and saw 5 of its levels.
You also visited: Sewer.

You collected 210 gold pieces.

Inventory:

Hand Weapons
 a - a +1 falchion (weapon)
 m - a +0 flail
Missiles
 n - 6 boomerangs
 o - 8 javelins
Armour
 g - a +0 pair of boots (worn)
 h - a +0 chain mail (worn)
 q - a +0 cloak (worn)
 r - a +0 helmet (worn)
Wands
 d - a wand of flame (16)
 y - a wand of digging (4)
Scrolls
 e - a scroll of amnesia {unknown}
 i - a scroll of magic mapping
 l - 3 scrolls of fear
 u - 3 scrolls of fog
 w - 2 scrolls of teleportation
Potions
 b - a potion of resistance {unknown}
 c - a potion of lignification {unknown}
 f - a potion of berserk rage {unknown}
 j - 2 potions of curing {unknown}
 k - 4 potions of heal wounds
 p - a potion of mutation
 s - a potion of brilliance {unknown}
 t - 2 potions of might {unknown}
 x - a potion of haste {unknown}
 z - a potion of magic {unknown}


   Skills:
 + Level 5.6 Fighting
 * Level 7.3 Long Blades
 + Level 3.3 Armour
 - Level 2.6 Dodging


You had 6 spell levels left.
You didn't know any spells.
Your spell library was empty.

Dungeon Overview and Level Annotations

Branches:
Dungeon (5/15)             Temple (0/1) D:4           Sewer (visited)

Altars:
Elyvilon

Shops:
D:5 *[


Innate Abilities, Weirdness & Mutations

((You are quick and stealthy near water. (Stealth+, EV+, Speed+++)))
Your lower body shifts to a powerful aquatic tail in water.


Message History

You hear a shout!
The gnoll sergeant hits you with a +2 spear of venom.
You are more poisoned.
A gnoll comes into view. It is wielding a +0 club.
You slash the gnoll sergeant!
You kill the gnoll sergeant!
Trog accepts your kill.
You feel very sick.
The gnoll hits you from afar with a +0 halberd!
* * * LOW HITPOINT WARNING * * *
* * * LOW HITPOINT WARNING * * *
You feel very sick. The gnoll hits you with a +0 halberd!
* * * LOW HITPOINT WARNING * * *
Items here: ) [[.
You slash the gnoll!
The gnoll is almost dead.
* * * LOW HITPOINT WARNING * * *
You feel very sick.
You slash the gnoll!
You kill the gnoll!
Trog accepts your kill.
* * * LOW HITPOINT WARNING * * *
You feel sick.
You slash the gnoll!
The gnoll is heavily wounded.
* * * LOW HITPOINT WARNING * * *
You feel very sick. The gnoll closely misses you.
You hit the gnoll.
The gnoll is severely wounded.
* * * LOW HITPOINT WARNING * * *
You feel very sick.
You slash the gnoll!
You feel the power of Trog in you as your rage grows.
You kill the gnoll!
Trog accepts your kill.
* * * LOW HITPOINT WARNING * * *
You feel sick.
You die...

****,,,,,**** **,* ,,,,,*****
*,,* ,,,,,* *,** ****,** *,*
,***,,*****####* **,*
,,,**,,,,,,,...#* *,,*
**,,,********#..* *,**
****,,,,**** *#.#######∩# ,*
****,,,,*#*#.@)))..#.### ,*
****,,..#######.....#***
,***********#........##.#....*
***,,,,,,,,,.#.....∩.##.#....*
,,****,,,,,,...............,,*
,*,*,****,,,.....#..#...#..,,*
,,,*,,*,****...#.##.#.###,,,,*
,*,,,*,,,*,*###..##...##*,,,,*
,,,*,,,*,,,,......#....#******


There were no monsters in sight!

Vanquished Creatures
  2 bullfrogs (Sewer)
  A gnoll sergeant (D:5)
  A scorpion (D:5)
  Crazy Yiuf (D:3)
  Ijyb (D:4)
  An iguana (D:4)
  2 orc wizards (D:3)
  A hound skeleton (D:4)
  8 gnolls
  A howler monkey skeleton (D:4)
  5 river rats
  11 adders
  2 worms
  2 dart slugs (D:2)
  11 orcs
  3 bats
  10 endoplasms
  2 giant cockroaches
  9 goblins
  10 hobgoblins
  2 jackals (D:2)
  3 quokkas
  12 ball pythons
  9 frilled lizards
  10 kobolds
  39 rats
159 creatures vanquished.

Vanquished Creatures (others)
  A plant (D:5)
1 creature vanquished.

Grand Total: 160 creatures vanquished

Notes
Turn   | Place    | Note
-------+----------+-------------------------------------------
     0 | D:1      | jejorda2 the Merfolk Berserker began the quest for the Orb.
     0 | D:1      | Reached XP level 1. HP: 18/18 MP: 1/1
   309 | D:1      | Reached XP level 2. HP: 18/24 MP: 2/2
   894 | D:1      | You fall into a shaft and drop 1 floor!
   922 | D:2      | Reached skill level 4 in Long Blades
   922 | D:2      | Reached XP level 3. HP: 25/29 MP: 3/3
  1138 | D:2      | Reached ** piety under Trog
  1595 | D:2      | Reached XP level 4. HP: 37/37 MP: 4/4
  1733 | D:2      | Found a faded altar of an unknown god.
  2246 | D:3      | Reached skill level 5 in Long Blades
  2246 | D:3      | Reached XP level 5. HP: 42/42 MP: 5/5
  2776 | D:3      | Found a white marble altar of Elyvilon.
  2920 | D:3      | Found a runed translucent door.
  2921 | D:3      | Noticed Crazy Yiuf
  2928 | D:3      | Killed Crazy Yiuf
  2929 | D:3      | Reached XP level 6. HP: 49/49 MP: 3/6
  3136 | D:3      | Reached *** piety under Trog
  3740 | D:4      | Noticed Ijyb
  3752 | D:4      | Killed Ijyb
  4068 | D:4      | Reached skill level 6 in Long Blades
  4114 | D:4      | Found a staircase to the Ecumenical Temple.
  4612 | D:5      | Entered Level 5 of the Dungeon
  4613 | D:5      | Found Wockann's Antique Armour Shoppe.
  4623 | D:5      | Found a glowing drain.
  4668 | Sewer    | Entered a sewer
  4920 | Sewer    | Reached skill level 5 in Fighting
  4982 | Sewer    | Reached XP level 7. HP: 51/56 MP: 7/7
  5124 | Sewer    | Reached **** piety under Trog
  5440 | D:5      | Reached skill level 7 in Long Blades
  5542 | D:5      | Found Tufeddy's General Store.
  5568 | D:5      | HP: 2/84 [poisoned by a gnoll sergeant]
  5570 | D:5      | Succumbed to a gnoll sergeant's poison

Illustrated notes

Levels and vault maps discovered:
D:1:      lightli_arrival_farm, layout_basic, hangedman_decor_opposing
D:2:      layout_loops_ring, ebering_ecumenical_altar_sacrificial
D:3:      layout_basic, lemuel_coloured_pillars_altar, minivault_23,
          guppyfry_early_orc_mine, uniq_crazy_yiuf_cottage
D:4:      layout_basic, temple_doors_e, corexii_leaking_fountain, uniq_ijyb
D:5:      minmay_spotlight, layout_rooms, amcnicky_altar_gilded, serial_shops,
          nicolae_shop_overgrown_old_shop, shop_statue, shop,
          nicolae_shop_waterfront, shop, portal_sewer_entry_a

Skill      XL: |  1  2  3  4  5  6  7 |
---------------+----------------------+-----
Long Blades    | 4 5 6 7 |  7.3
Armour         | 2 3 |  3.3
Fighting       | 4 5 |  5.6
Dodging        | |  2.6

Action                   |  1- 3 |  4- 6 |  7- 9 || total
-------------------------+-------+-------+-------++-------
Melee: Falchion          |   120 |   290 |    65 ||   475
       Tailslap          |       |    10 |     6 ||    16
Invok: Berserk           |       |     5 |     2 ||     7
       Trog's Hand       |       |     2 |       ||     2
  Use: Scroll            |       |     6 |     3 ||     9
Armor: Leather armour    |     2 |       |       ||     2
       Animal skin       |     1 |       |       ||     1
       Chain mail        |    38 |   149 |    45 ||   232
Dodge: Dodged            |    60 |   125 |    38 ||   223
       Rpst.: Falchion   |    18 |    44 |     6 ||    68

Table legend: (Time is in decaauts)
 A = Elapsed time spent in this place.
 B = Non-inter-level travel time spent in this place.
 C = Inter-level travel time spent in this place.
 D = Time resting spent in this place.
 E = Time spent auto-exploring this place.
 F = Levels seen in this place.
 G = Mean time per level.
                   A        B        C        D        E       F      G
               +--------+--------+--------+--------+--------+-----+--------+
         Total |   5547 |   5457 |     90 |    273 |   4198 |   6 |  924.5 |
       Dungeon |   4859 |   4769 |     90 |    273 |   3699 |   5 |  971.8 |
         Sewer |    688 |    688 |      0 |      0 |    498 |   1 |  688.0 |
               +--------+--------+--------+--------+--------+-----+--------+

Top non-repeatable levels by time:
     D:3: 1387 daAuts
     D:4: 1339 daAuts
     D:1: 966 daAuts
     D:2: 940 daAuts
   Sewer: 688 daAuts
     D:5: 226 daAuts
